 Dungeon Crawl Stone Soup version 0.30.1-11-g7821555f0a (webtiles) character file.

Game seed: 9284772307740276855

3322 PaiMei the Reanimator (level 9, -10/57 HPs)
             Began as a Demonspawn Necromancer on Jan 10, 2024.
             Mangled by a shadow (25 damage)
             ... on level 7 of the Dungeon.
             The game lasted 00:12:40 (11206 turns).

PaiMei the Reanimator (Demonspawn Necromancer)     Turns: 11206, Time: 00:12:41

Health: -10/57     AC: 10    Str:  9    XL:     9   Next: 71%
Magic:  14/18      EV: 30    Int: 26    God:
Gold:   457        SH:  6    Dex: 14    Spells: 8/21 levels left

rFire   + . .        B - +3 whip
rCold   . . .        (no shield)
rNeg    . . .        a - +0 robe
rPois   .            (helmet restricted)
rElec   .            t - +0 cloak
rCorr   .            K - +0 pair of gloves
SInv    .            s - +1 pair of boots
Will    +....        F - amulet "Lesiz" {Acrobat Fragile Will+ Int+6 Stlth-}
Stlth   ++           w - ring of protection from fire
HPRegen 0.29/turn    z - +4 ring of protection
MPRegen 0.16/turn

%: acrobat
@: acrobatic
A: horns 1, large bone plates 2, foul stench 1, spiny 2
a: no special abilities


You were on level 7 of the Dungeon.
You visited 2 branches of the dungeon, and saw 12 of its levels.
You also visited: Bailey.

You collected 457 gold pieces.

Inventory:

Hand Weapons
 i - a +1 longbow of electrocution
 B - a +3 whip (weapon)
 G - a +2 heavy trident
Missiles
 q - 4 throwing nets
 O - 20 poisoned darts
 P - 6 curare-tipped darts
Armour
 a - a +0 robe (worn)
 n - an orb of guile
 s - a +1 pair of boots (worn)
 t - a +0 cloak (worn)
 v - a +0 buckler
 K - a +0 pair of gloves (worn)
Jewellery
 w - a ring of protection from fire (left hand)
 x - an amulet of faith
 z - a +4 ring of protection (right hand)
 F - the amulet "Lesiz" (around neck) {Acrobat Fragile Will+ Int+6 Stlth-}
   (You took it off an orc on level 5 of the Dungeon)

   [amulet of the acrobat]

   It increases your evasion while moving and waiting.
   Int:       It affects your intelligence (+6).
   Fragile:   It will be destroyed if unequipped.
   Will:      It increases your willpower.
   Stlth:     It makes you less stealthy.
 M - a ring of ice
 Q - a ring of willpower
 S - the ring of Ihet {rC++ EV+5 Str-3}
   (You found it on level 8 of the Dungeon)

   [ring of evasion]

   EV:        It affects your evasion (+5).
   Str:       It affects your strength (-3).
   rC:        It greatly protects you from cold.
Wands
 E - a wand of mindburst (26)
 J - a wand of digging (6)
 L - a wand of flame (26)
 N - a wand of charming (13)
Scrolls
 c - a scroll of vulnerability {unknown}
 e - a scroll of amnesia {unknown}
 f - 12 scrolls of identify {unknown}
 k - 2 scrolls of magic mapping {unknown}
 l - 2 scrolls of fear {unknown}
 m - 2 scrolls of summoning {unknown}
 o - 8 scrolls of teleportation {unknown}
 u - a scroll of brand weapon {unknown}
 y - 3 scrolls of noise {unknown}
 A - 2 scrolls of blinking {unknown}
 H - 3 scrolls of enchant armour {unknown}
 R - a scroll of immolation {unknown}
 T - a scroll of poison {unknown}
Potions
 b - a potion of magic
 d - 2 potions of heal wounds {unknown}
 g - a potion of flight
 h - 2 potions of brilliance {unknown}
 j - 6 potions of curing
 p - a potion of invisibility {unknown}
 r - 3 potions of degeneration {unknown}
 C - a potion of resistance {unknown}
 D - a potion of lignification {unknown}
 I - a potion of attraction {unknown}


   Skills:
 + Level 6.5 Dodging
 + Level 7.1 Stealth
 + Level 6.6 Spellcasting
 + Level 8.8 Necromancy


You had 8 spell levels left.
You knew the following spells:

 Your Spells              Type           Power      Damage    Failure   Level
a - Necrotise             Necr           100%       1d9       1%          1
b - Vampiric Draining     Necr           53%        2d9       1%          3
c - Animate Dead          Necr           53%        N/A       1%          4
d - Agony                 Necr           53%        N/A       4%          5

Your spell library contained the following spells:

 Spells                   Type           Power      Damage    Failure   Level
 Apportation              Tloc           16%        N/A       7%          1
 Beastly Appendage        Tmut           16%        N/A       7%          1
 Foxfire                  Conj/Fire      32%        2x1d5     7%          1
 Magic Dart               Conj           32%        1d4       7%          1
 Summon Small Mammal      Summ           32%        N/A       7%          1
 Searing Ray              Conj           16%        2d5       10%         2
 Wereblood                Tmut           8%         N/A       10%         2
 Inner Flame              Hex/Fire       8%         N/A       21%         3
 Spider Form              Tmut/Pois      8%         N/A       21%         3
 Stone Arrow              Conj/Erth      16%        3d8       21%         3
 Animate Armour           Summ/Erth      16%        N/A       54%         4
 Flame Wave               Conj/Fire      8%         2d5       54%         4
 Fulminant Prism          Conj/Hex       4%         3d5       54%         4
 Sticky Flame             Conj/Fire      8%         2d3       54%         4
 Fireball                 Conj/Fire      4%         3d4       88%         5
 Plasma Beam              Fire/Air       4%         2x1d15    100%        6
 Starburst                Conj/Fire      4%         6d3       100%        6
 Lehudib's Crystal Spear  Conj/Erth      4%         10d3      100%        8


Dungeon Overview and Level Annotations

Branches:
Dungeon (11/15)            Temple (1/1) D:6            Lair (0/5) D:11
 Bailey (visited)
    Orc: D:9-12

Altars:
Ashenzari
Dithmenos
Gozag
Hepliaklqana
Makhleb
Nemelex Xobeh
Okawaru
Qazlal
Ru
Sif Muna
Trog
Uskayaw
Vehumet
Wu Jian
Xom
Yredelemnul

Annotations:
D:6 exclusion: statue


Innate Abilities, Weirdness & Mutations

You have a pair of small horns on your head.
You are mostly covered in large bone plates. (SH +6)
You may rarely emit foul miasma when damaged in melee.
You are mostly covered in sharp spines.


Message History

The shadow flickers and vanishes!
Deactivating autopickup; reactivate with Ctrl-A.
The manticore flicks its tail.
The volley of spikes hits something.
The white imp laughs crazily.
The manticore flicks its tail.
The volley of spikes hits something.
The shadow strikes at you from the darkness!
Ouch! That really hurt!
Reactivating autopickup.
The shadow attacks as you move away! The shadow completely misses you.
The shadow slips into darkness.
The shadow flickers and vanishes!
Deactivating autopickup; reactivate with Ctrl-A.
There is a stone staircase leading up here.
The shadow strikes at you from the darkness!
* * * LOW HITPOINT WARNING * * *
Reactivating autopickup.
You climb upwards.
There is a stone staircase leading down here.
You hit the shadow.
The shadow is heavily damaged.
You block the shadow's attack.
You barely miss the shadow.
The shadow is heavily damaged.
You block the shadow's attack.
You hit the shadow but do no damage.
The shadow is heavily damaged.
The shadow closely misses you.
You hit the shadow.
The shadow is severely damaged.
The shadow barely misses you.
You barely miss the shadow.
The shadow is severely damaged.
The shadow slips into darkness.
The shadow flickers and vanishes!
Deactivating autopickup; reactivate with Ctrl-A.
The shadow strikes at you from the darkness!
The shadow strikes at you from the darkness!
You die...

###..###.#####<#.##......####...#
#.....)#####......###### ##.##
##.###[[.......#### #.#
##.###.#####..## #.#
#...##.#####..### #.##
#...##.##.......# ##########...
#...##........#.# #.......####.
###...##.##.##..#.# #.......# ##.
............>...@.###.......###..
.....)......##..#........†..#....
..........#.##...<###.......#.#..
###...##..(....#..# #.......#.#..
#...#####.##....###.......#.#.#
###...### #.##.##.#.......###...[
#.......# #.......#.#####.# ###..
#.##.##.# ####.####.##.##.# ###
.....##.# #.............#


There were no monsters in sight!

Vanquished Creatures
  Eustachio (D:5)
  A steam dragon (D:7)
  3 vampire mosquitoes (D:10)
  A water moccasin (D:8)
  3 black bears
  An ice beast (D:5)
  2 orc warriors
  A centaur (D:10)
  A phantom (D:5)
  4 kobold brigands
  4 bullfrogs
  A gnoll sergeant (D:6)
  A scorpion (D:5)
  A killer bee (D:8)
  A howler monkey (D:6)
  A jelly (D:8)
  6 hounds
  6 orc priests
  A sleepcap (D:5)
  5 iguanas (D:5)
  12 orc wizards
  13 gnolls
  4 adders
  2 ufetubi
  2 worms
  4 dart slugs
  26 orcs
  7 bats
  6 endoplasms
  A giant cockroach (D:1)
  13 goblins
  7 hobgoblins
  8 jackals
  4 quokkas
  3 ball pythons
  5 frilled lizards
  14 kobolds
  A rat (D:1)
177 creatures vanquished.

Vanquished Creatures (collateral kills)
  An endoplasm (D:1)
  2 goblins (D:1)
3 creatures vanquished.

Grand Total: 180 creatures vanquished

Notes
Turn   | Place    | Note
-------+----------+-------------------------------------------
     0 | D:1      | PaiMei the Demonspawn Necromancer began the quest for the
                  | Orb.
     0 | D:1      | Reached XP level 1. HP: 13/13 MP: 3/3
   178 | D:1      | Gained mutation: You have a pair of small horns on your
                  | head. [demonic ancestry]
   178 | D:1      | Reached XP level 2. HP: 19/19 MP: 3/5
   445 | D:1      | Found a faded altar of an unknown god.
   685 | D:1      | Reached XP level 3. HP: 24/24 MP: 2/6
  2074 | D:2      | Reached XP level 4. HP: 30/30 MP: 4/7
  2797 | D:3      | Reached skill level 5 in Necromancy
  3388 | D:4      | Gained mutation: You are partially covered in large bone
                  | plates. (SH +4) [demonic ancestry]
  3388 | D:4      | Reached XP level 5. HP: 26/35 MP: 2/9
  3656 | D:4      | Learned a level 3 spell: Vampiric Draining
  3661 | D:4      | Learned a level 4 spell: Animate Dead
  4083 | D:4      | Found a shadowy altar of Dithmenos.
  4562 | D:5      | Entered Level 5 of the Dungeon
  4770 | D:5      | Noticed an ice beast
  4776 | D:5      | Killed an ice beast
  4777 | D:5      | Gained mutation: You are mostly covered in large bone
                  | plates. (SH +6) [demonic ancestry]
  4777 | D:5      | Reached XP level 6. HP: 41/41 MP: 2/11
  5092 | D:5      | Found a bloodstained altar of Trog.
  5095 | D:5      | Noticed Eustachio
  5165 | D:5      | Killed Eustachio
  5166 | D:5      | Reached skill level 6 in Necromancy
  5166 | D:5      | Gained mutation: You may rarely emit foul miasma when
                  | damaged in melee. [demonic ancestry]
  5166 | D:5      | Reached XP level 7. HP: 30/46 MP: 3/13
  6002 | D:5      | Identified the amulet "Lesiz" {Acrobat Fragile Will+ Int+6
                  | Stlth-}
  6404 | D:5      | Gained mutation: You are partially covered in sharp spines.
                  | [demonic ancestry]
  6404 | D:5      | Reached XP level 8. HP: 52/52 MP: 4/14
  6772 | D:5      | Learned a level 5 spell: Agony
  6944 | D:6      | Found a radiant altar of Vehumet.
  6951 | D:6      | Reached skill level 5 in Stealth
  7479 | D:6      | Reached skill level 7 in Necromancy
  7506 | D:6      | Reached skill level 5 in Spellcasting
  7513 | D:6      | Reached skill level 5 in Dodging
  7810 | D:6      | Found a staircase to the Ecumenical Temple.
  7824 | Temple   | Entered the Ecumenical Temple
  8537 | D:7      | Found a flagged portal.
  8548 | Bailey   | Entered a bailey
  9108 | D:7      | Gained mutation: You are mostly covered in sharp spines.
                  | [demonic ancestry]
  9108 | D:7      | Reached XP level 9. HP: 57/57 MP: 10/17
  9457 | D:8      | You fall into a shaft and drop 3 floors!
  9472 | D:11     | Found a staircase to the Lair.
  9489 | D:11     | Noticed a green ugly thing
  9508 | D:10     | Entered Level 10 of the Dungeon
  9558 | D:10     | Reached skill level 8 in Necromancy
  9559 | D:10     | Identified the +5 great sword of the Lost Priests {holy,
                  | Int+3}
 10288 | D:10     | Noticed a two-headed ogre
 10344 | D:9      | Found a hide-covered altar of Uskayaw.
 10344 | D:9      | Found an ornate altar of the Wu Jian Council.
 10344 | D:9      | Found a broken altar of Ashenzari.
 10363 | D:9      | Noticed a troll
 10614 | D:8      | Identified the ring of Ihet {rC++ EV+5 Str-3}
 11174 | D:8      | Noticed a manticore
 11206 | D:7      | Mangled by a shadow

Illustrated notes

Levels and vault maps discovered:
D:1:      roderic_crossed_star, layout_loops_ring,
          hellmonk_ecumenical_altar_zigzags, minmay_tromino_v7
D:2:      layout_basic, basic_altar
D:3:      layout_rooms
D:4:      layout_basic, nicolae_dithmenos_the_darkroom, corexii_corridor_pit
D:5:      layout_basic, trog_book, kennysheep_generic_room_10, uniq_eustachio
D:6:      layout_basic, kennysheep_mini_moat, vehumet_statue, temple_fountains,
          fountainhead
D:7:      layout_loops_cross, enter_bailey_3
D:8:      layout_loops_ring, kb_rosetta
D:9:      layout_rooms, jmf_multi_god_temple, grunt_temple_overflow_open,
          kennysheep_orc_monster_closet_entryway
D:10:     layout_irregular_city, serial_rivers, chequers_serial_rivers_small_3,
          chequers_serial_rivers_micro_e, chequers_serial_rivers_room_a,
          chequers_serial_rivers_marsh, chequers_serial_rivers_micro_d
D:11:     layout_layer_cave, lair_entry_dummy, portal_ice_cave_rime
Temple:   nicolae_temple_godzebo

Skill      XL: |  1  2  3  4  5  6  7  8  9 |
---------------+----------------------------+-----
Dodging        | 2 3 4 5 6 |  6.5
Stealth        | 2 3 4 6 7 |  7.1
Necromancy     | 5 6 7 8 |  8.8
Spellcasting   | 3 4 5 6 |  6.6

Action                     |  1- 3 |  4- 6 |  7- 9 || total
---------------------------+-------+-------+-------++-------
  Melee: Unarmed           |     7 |       |       ||     7
         Dagger            |    13 |    37 |       ||    50
         Headbutt          |     3 |    13 |    20 ||    36
         Whip              |       |    46 |   114 ||   160
         Punch             |       |     1 |     1 ||     2
   Cast: Necrotise         |    87 |    81 |   130 ||   298
         Vampiric Draining |       |     6 |    64 ||    70
    Use: Potion            |       |     2 |       ||     2
 Armour: Robe              |     7 |    43 |    61 ||   111
  Dodge: Dodged            |    29 |   112 |   126 ||   267
  Block: Other             |       |    32 |    65 ||    97
